 Dungeon Crawl Stone Soup version 0.21.1-1-g345015fe64 (webtiles) character file.

278 Lavandula the Chopper (level 6, -9/51 HPs)
             Began as a Centaur Berserker on June 10, 2018.
             Was a Believer of Trog.
             Mangled by Ikesh's ghost (13 damage)
             ... on level 4 of the Dungeon.
             The game lasted 00:04:39 (739 turns).

Lavandula the Chopper (Centaur Berserker)            Turns: 739, Time: 00:04:39

Health: -9/51      AC:  5    Str: 21    XL:     6   Next: 5%
Magic:  6/6        EV: 10    Int:  6    God:    Trog [**....]
Gold:   55         SH:  0    Dex:  9    Spells: 5/5 levels left

rFire    . . .     SeeInvis .   a - +0 hand axe
rCold    . . .     Gourm    +   (no shield)
rNeg     . . .     Faith    .   b - +0 animal skin
rPois    .         Spirit   .   (no helmet)
rElec    .         Reflect  .   (no cloak)
rCorr    .         Harm     .   i - +0 pair of gloves
MR       .....                  (no barding)
Stlth    ++........             g - amulet of the gourmand
HPRegen  0.17/turn              p - ring of stealth
MPRegen  0.10/turn              (no ring)

@: berserk cooldown, slowed
A: large, hooves 3, deformed body, speed 2, tough skin 3
a: Berserk, Trog's Hand, Burn Spellbooks, Renounce Religion


You were on level 4 of the Dungeon.
You worshipped Trog.
Trog was pleased with you.
You were not hungry.

You visited 1 branch of the dungeon, and saw 5 of its levels.

You collected 55 gold pieces.

Inventory:

Hand Weapons
 a - a +0 hand axe (weapon)
 v - a +2 mace of crushing
 w - a +6 spear
Missiles
 o - 10 tomahawks (quivered)
 q - 4 poisoned tomahawks
Armour
 b - a +0 animal skin (worn)
 i - a +0 pair of gloves (worn)
Jewellery
 g - an amulet of the gourmand (around neck)
 p - a ring of stealth (left hand)
Wands
 m - a wand of flame (16)
 t - a wand of random effects (19)
Scrolls
 d - a scroll of teleportation {unknown}
 e - a scroll of noise {unknown}
 f - 2 scrolls of magic mapping {unknown}
 h - a scroll of enchant armour {unknown}
 k - a scroll of amnesia {unknown}
 l - a scroll of immolation {unknown}
 n - 3 scrolls of identify {unknown}
 r - a scroll of enchant weapon {unknown}
 s - a scroll of remove curse {unknown}
Potions
 j - a potion of ambrosia
 u - a potion of degeneration {unknown}
Comestibles
 c - 6 rations
 x - 4 chunks of flesh


   Skills:
 - Level 3.2 Fighting
 + Level 6.1 Axes
 - Level 1.4 Armour
 - Level 1.4 Dodging


You had 5 spell levels left.
You didn't know any spells.

Dungeon Overview and Level Annotations

Branches:
Dungeon (5/15)
 Temple: D:4-7

Altars:
Ru
Uskayaw
Wu Jian
Xom

Annotations:
D:4 Ikesh's ghost, novice DDFi


Innate Abilities, Weirdness & Mutations

You have hooves in place of feet.
Armour fits poorly on your strangely shaped body.
You cover ground very quickly.
You have extremely tough skin. (AC +3)


Message History

You closely miss Ikesh's ghost. You hit the orc. The orc closely misses you.
The frilled lizard barely misses you. Ikesh's ghost hits you!
* * * LOW HITPOINT WARNING * * *
The orc barely misses you. The frilled lizard barely misses you.
Unknown command.
An orc comes into view. It is wielding a trident.
The orc moves out of view.
Ikesh's ghost hits you.
* * * LOW HITPOINT WARNING * * *
You writhe in agony.
* * * LOW HITPOINT WARNING * * *
The orc closely misses you.
The frilled lizard bites you but does no damage.
An orc comes into view. It is wielding a dagger.
Press: ? - help, v - describe, . - travel
Here: Ikesh's ghost, wielding a weapon of pain The floor.
Okay, then.
Okay, then.
Ikesh's ghost hits you!
You die...

........_....#
#..... #.##........#
#.... #>.......#
#.#.# #.#.#.#.##
#<#.#### #.#.#.#.#
#......# #.#l#.#.#
#......# #.#o#.#.#
#......#
#.#W#.#.#####......#
#.#@#.#.##....#.####
#.#.....##)####.# #
###.#†[.?...#.####
#.#.##.##.#.##..
.......##.#.##.#
.#..######.#.##.#
#.#... #.#.##). .
##.## #.#.#### ..
#.#.#


You could see Ikesh's ghost, an orc and a frilled lizard.

Vanquished Creatures
  An ogre (D:4)
  An orc priest (D:4)
  Terence (D:3)
  2 orc wizards
  A worker ant (D:4)
  A hound zombie (D:3)
  A worm (D:3)
  2 leopard geckos
  10 orcs
  3 bats
  A giant cockroach (D:3)
  5 goblins
  2 hobgoblins (D:3)
  3 kobolds (D:3)
  2 quokkas (D:3)
  2 frilled lizards (D:1)
  4 rats
42 creatures vanquished.

Notes
Turn   | Place    | Note
-------+----------+-------------------------------------------
     0 | D:1      | Lavandula the Centaur Berserker began the quest for the Orb.
     0 | D:1      | Reached XP level 1. HP: 19/19 MP: 1/1
   127 | D:3      | Reached skill level 3 in Axes
   127 | D:3      | Reached XP level 2. HP: 16/26 MP: 2/2
   171 | D:3      | Reached XP level 3. HP: 9/31 MP: 3/3
   243 | D:4      | Noticed an ogre
   246 | D:4      | Killed an ogre
   246 | D:4      | Reached skill level 4 in Axes
   246 | D:4      | Reached XP level 4. HP: 38/38 MP: 4/4
   249 | D:4      | Reached skill level 5 in Axes
   249 | D:4      | Reached XP level 5. HP: 45/45 MP: 5/5
   278 | D:4      | Found a shimmering altar of Xom.
   278 | D:4      | Found an ornate altar of the Wu Jian Council.
   279 | D:4      | Found a sacrificial altar of Ru.
   530 | D:3      | Reached ** piety under Trog
   587 | D:3      | Noticed Terence
   599 | D:3      | Killed Terence
   712 | D:4      | Reached skill level 6 in Axes
   712 | D:4      | Reached XP level 6. HP: 39/51 MP: 6/6
   720 | D:4      | Found a hide-covered altar of Uskayaw.
   720 | D:4      | Noticed a dagger
   721 | D:4      | Noticed a hand axe
   723 | D:4      | Noticed Ikesh's ghost (novice DDFi)
   729 | D:5      | Entered Level 5 of the Dungeon
   729 | D:5      | Noticed an ice beast
   739 | D:4      | Mangled by Ikesh's ghost

Skill      XL: |  1  2  3  4  5 |
---------------+----------------+-----
Axes           | 3 4 5 6 |  6.1
Fighting       | |  3.2
Armour         | |  1.4
Dodging        | |  1.4

Action                   |  1- 3 |  4- 6 || total
-------------------------+-------+-------++-------
Melee: Hand axe          |    44 |    48 ||    92
       Kick              |    11 |     9 ||    20
Invok: Berserk           |     2 |     3 ||     5
  Use: Potion            |     1 |       ||     1
  Eat: Ration            |       |     1 ||     1
       Chunk             |       |     1 ||     1
Armor: Animal skin       |    15 |    17 ||    32
Dodge: Dodged            |    16 |    28 ||    44
